 Dungeon Crawl Stone Soup version 0.20-a0-537-g052e6ba (webtiles) character file.

395 esc the Magician (level 6, -5/36 HPs)
             Began as a Deep Elf Fire Elementalist on Jan 27, 2017.
             Slain by Duvessa
             ... wielding a +0 short sword
              (12 damage)
             ... on level 4 of the Dungeon.
             The game lasted 00:13:45 (4725 turns).

esc the Magician (Deep Elf Fire Elementalist)       Turns: 4725, Time: 00:13:45

Health: -5/36      AC:  4    Str:  5    XL:     6   Next: 52%
Magic:  1/16       EV: 14    Int: 27    God:
Gold:   224        SH:  0    Dex: 15    Spells: 13/16 levels left

rFire    . . .     SeeInvis .   q - +2 short sword (speed)
rCold    . . .     Gourm    .   a - +0 robe
rNeg     . . .     Faith    .   (no shield)
rPois    .         Spirit   .   v - +0 hat
rElec    .         Reflect  .   r - +0 cloak
rCorr    .         Harm     +   j - +0 pair of gloves
MR       .....                  (no boots)
Stlth    ++........             m - amulet of harm
Regen    0.2/turn               (no ring)
                                (no ring)

@: brilliant, about to teleport
A: no striking features
a: no special abilities


You were on level 4 of the Dungeon.
You were not hungry.

You visited 1 branch of the dungeon, and saw 4 of its levels.

You collected 224 gold pieces.

Inventory:

Hand Weapons
 q - a +2 short sword of speed (weapon)
   (You took it off a kobold on level 1 of the Dungeon)
Armour
 a - a +0 robe (worn)
 j - a +0 pair of gloves (worn)
   (You found it on level 1 of the Dungeon)
 n - a +2 shield
   (You took it off a goblin on level 1 of the Dungeon)
 r - a +0 cloak (worn)
   (You found it on level 3 of the Dungeon)
 v - a +0 hat (worn)
   (You found it on level 2 of the Dungeon)
Jewellery
 f - an uncursed amulet of guardian spirit {unknown}
   (You found it on level 2 of the Dungeon)
 m - an amulet of harm (around neck)
   (You found it on level 1 of the Dungeon)
Wands
 B - a wand of digging (24/24)
   (You took it off Natasha on level 3 of the Dungeon)
Scrolls
 g - 2 scrolls of enchant armour {unknown}
 h - 4 scrolls of recharging
 k - a scroll of immolation {!r}
 o - 6 scrolls of identify
 p - a scroll of magic mapping {unknown}
 s - 3 scrolls of remove curse
 y - a scroll of teleportation
 C - a scroll of blinking {unknown}
 E - a scroll of enchant weapon {unknown}
Potions
 d - 2 potions of magic {unknown}
 e - 2 potions of brilliance
 i - 2 potions of cancellation {unknown}
 l - 3 potions of curing {unknown}
 t - a potion of flight {unknown}
 u - a potion of might {unknown}
 z - a potion of degeneration {unknown}
 A - a potion of beneficial mutation {unknown}
Books
 b - a book of Flames
 x - a book of Necromancy
   (You found it on level 4 of the Dungeon)
Comestibles
 c - 5 bread rations {@e1}
 w - 2 meat rations {@e2}
 D - a fruit


   Skills:
 + Level 2.4 Fighting
 + Level 4.3 Dodging
 - Level 2.4 Stealth
 + Level 5.7 Spellcasting
 + Level 2.8 Conjurations
 - Level 4.1 Fire Magic


You had 13 spell levels left.
You knew the following spells:

 Your Spells              Type           Power        Failure   Level  Hunger
a - Throw Flame           Conj/Fire      #####.       1%          2    None
x - Flame Tongue          Conj/Fire      #####        1%          1    None


Dungeon Overview and Level Annotations

Branches:
Dungeon (4/15)
 Temple: D:4-7

Altars:
Gozag

Annotations:
D:4 Dowan, Duvessa


Message History

A leopard gecko skeleton comes into view.
MP restored: 16
Aim: a leopard gecko skeleton (resting)
The puff of flame hits the leopard gecko skeleton.
You destroy the leopard gecko skeleton!
You now have 14/16 mp.
s - 3 scrolls labeled VOILUU ORINARE (gained 1)
A dart slug comes into view.
MP restored: 16
Aim: a dart slug (clinging)
The puff of flame hits the dart slug.
The dart slug launches a dart at you. The slug dart hits you!
You take 2 damage, and have 34/36 hp.
You now have 14/16 mp.
Aim: a dart slug (heavily wounded, clinging)
The puff of flame hits the dart slug.
You kill the dart slug!
You now have 12/16 mp.
o - 7 scrolls labeled UJYLON JIDIDO (gained 1)
You see here a dart slug corpse.
y - 2 scrolls labeled ESMUTO ENKAMPU (gained 1)
You see here a dart slug corpse.
Some of the chunks of flesh in your inventory have rotted away.
Some of the chunks of flesh in your inventory have rotted away.
Eating one of 4 chunks of flesh {@w0}.
You eat one of the 4 chunks of flesh {@w0}.
Found a stone staircase leading up.
Health restored: 36; MP restored: 16
Found a stone staircase leading down.
There is a stone staircase leading up here.
Some of the chunks of flesh in your inventory have rotted away.
There is a stone staircase leading down here.
You see here a chain mail.
Duvessa, Sister of Dowan comes into view.
She is wielding a short sword.
You see here 13 arrows.
Aim: Duvessa, wielding a short sword and wearing a ring mail (resting)
The puff of flame hits Duvessa.
Duvessa shouts!
Dowan, Brother of Duvessa comes into view.
He is wielding a dagger.
You now have 14/16 mp.
Aim: Duvessa, wielding a short sword and wearing a ring mail (moderately wounded)
The puff of flame misses Duvessa.
Dowan shouts!
You now have 12/16 mp.
Aim: Duvessa, wielding a short sword and wearing a ring mail (moderately wounded)
The puff of flame hits Duvessa.
You now have 10/16 mp.
Aim: Duvessa, wielding a short sword and wearing a ring mail (moderately wounded)
The puff of flame hits Duvessa.
You now have 8/16 mp.
Aim: Duvessa, wielding a short sword and wearing a ring mail (heavily wounded)
The puff of flame hits Duvessa.
Duvessa hits you with a short sword.
You take 4 damage, and have 32/36 hp.
You now have 6/16 mp.
Duvessa gestures with her weapon.
Aim: Duvessa, wielding a short sword and wearing a ring mail (heavily wounded)
The puff of flame hits Duvessa.
Duvessa barely misses you.
You now have 5/16 mp.
Aim: Duvessa, wielding a short sword and wearing a ring mail (heavily wounded)
The puff of flame misses Duvessa.
Duvessa hits you with a short sword.
You take 6 damage, and have 26/36 hp.
You now have 3/16 mp.
Aim: Duvessa, wielding a short sword and wearing a ring mail (heavily wounded)
The puff of flame hits Duvessa.
Duvessa misses you.
All of the chunks of flesh in your inventory have rotted away.
You now have 1/16 mp.
Duvessa gestures with her weapon.
Dowan casts a spell at Duvessa.
Duvessa seems to speed up.
Okay, then.
As you read the scroll labeled SIBBUF TANITEN, it crumbles to dust.
It is a scroll of recharging.
Charge which item? (? for menu, Esc to quit)
Your wand of digging (?/24) glows for a moment.
Duvessa barely misses you.
Aim: Duvessa, wielding a short sword and wearing a ring mail (severely wounded, fast)
The puff of flame hits Duvessa.
Duvessa appears unharmed.
Duvessa closely misses you. Duvessa hits you with a short sword.
You take 6 damage, and have 21/36 hp.
You now have 0/16 mp.
Duvessa says, "I don't care about looks, I care about technique!"
Okay, then.
As you read the scroll labeled UJYLON JIDIDO, it crumbles to dust.
It is a scroll of identify.
s - 3 scrolls of remove curse Duvessa says, "Where magic fails, the sword succeeds!"
Duvessa closely misses you. Duvessa hits you but does no damage.
As you read the scroll labeled TENNIN FUIRPH, it crumbles to dust.
The creatures around you are filled with an inner flame!
It was a scroll of immolation.
Duvessa hits you with a short sword.
You take 3 damage, and have 18/36 hp.
As you read the scroll labeled ESMUTO ENKAMPU, it crumbles to dust.
You feel strangely unstable.
It was a scroll of teleportation.
Duvessa hits you but does no damage. Duvessa hits you with a short sword!
* * * LOW HITPOINT WARNING * * *
You take 11 damage, and have 7/36 hp.
MASSIVE DAMAGE!!
It was a potion of brilliance.
You feel clever all of a sudden. Duvessa hits you with a short sword!
You die...

.# #. .# #. .#
#e .# #. .#
#.######### .#
#.(.......# .#
#########e# .#
#e# .# #@# .#
#.# .#
#############.#
.#
#........[....#
##
#.#############
#.# #># #.# #.#


You could see Duvessa (inner flame) and Dowan (inner flame).

Vanquished Creatures
  A hound (D:3)
  A centaur skeleton (D:3)
  2 orc priests (D:3)
  Ijyb (D:3)
  Natasha (thrice) (D:3)
  A worker ant (D:4)
  5 adders
  2 oozes
  A worm (D:3)
  4 dart slugs
  3 leopard geckos
  6 orcs (D:3)
  8 bats
  3 giant cockroaches
  7 goblins
  6 hobgoblins
  6 jackals
  2 quokkas
  6 frilled lizards
  11 kobolds
  A leopard gecko skeleton (D:4)
  10 rats
90 creatures vanquished.

Notes
Turn   | Place    | Note
-------+----------+-------------------------------------------
     0 | D:1      | esc the Deep Elf Fire Elementalist began the quest for the Orb.
     0 | D:1      | Reached XP level 1. HP: 10/10 MP: 6/6
    62 | D:1      | Reached XP level 2. HP: 11/15 MP: 0/8
  1033 | D:2      | Reached XP level 3. HP: 19/19 MP: 7/10
  1098 | D:2      | Reached skill level 2 in Conjurations
  1144 | D:2      | Reached skill level 4 in Fire Magic
  1392 | D:2      | Reached skill level 4 in Spellcasting
  1918 | D:2      | Learned a level 2 spell: Throw Flame
  2043 | D:3      | Reached XP level 4. HP: 24/24 MP: 4/12
  2686 | D:3      | Reached skill level 1 in Fighting
  2686 | D:3      | Reached skill level 3 in Dodging
  2726 | D:3      | Noticed Natasha
  2955 | D:3      | Reached XP level 5. HP: 29/29 MP: 10/13
  3491 | D:3      | Killed Natasha
  3491 | D:3      | Reached skill level 5 in Spellcasting
  3534 | D:3      | Noticed Natasha
  3537 | D:3      | Killed Natasha
  3635 | D:3      | Noticed Natasha
  3636 | D:3      | Killed Natasha
  3636 | D:3      | Reached skill level 2 in Fighting
  3636 | D:3      | Reached XP level 6. HP: 35/35 MP: 11/16
  3716 | D:3      | Noticed Ijyb
  3891 | D:3      | Reached skill level 4 in Dodging
  3964 | D:3      | Killed Ijyb
  4411 | D:4      | Found an opulent altar of Gozag.
  4702 | D:4      | Noticed Duvessa
  4704 | D:4      | Noticed Dowan
  4724 | D:4      | HP: 7/36 [Duvessa/short sword (12)]
  4725 | D:4      | Slain by Duvessa

Vault maps used:
D:1:      eino_arrival_tree_alley
D:2:      first_bread
D:3:      uniq_natasha, uniq_iyjb
D:4:      lemuel_doored_altar, old_standard_altar, uniq_duvessa

Skill      XL: |  1  2  3  4  5  6 |
---------------+-------------------+-----
Conjurations   | 2 |  2.8
Fire Magic     | 4 |  4.1
Spellcasting   | 4 5 |  5.7
Fighting       | 1 2 |  2.4
Dodging        | 3 4 |  4.3
Stealth        | |  2.4

Action                   |  1- 3 |  4- 6 || total
-------------------------+-------+-------++-------
Melee: Short sword       |    10 |    13 ||    23
       Whip              |     3 |       ||     3
 Cast: Flame Tongue      |    66 |     4 ||    70
       Throw Flame       |     7 |   107 ||   114
  Use: Scroll            |       |     4 ||     4
       Potion            |       |     1 ||     1
 Stab: Sleeping          |     2 |       ||     2
  Eat: Chunk             |     3 |     9 ||    12
Armor: Robe              |    15 |     3 ||    18
Dodge: Dodged            |    43 |    28 ||    71

Vault maps used:
D:1:      eino_arrival_tree_alley
D:2:      first_bread
D:3:      uniq_natasha, uniq_iyjb
D:4:      lemuel_doored_altar, old_standard_altar, uniq_duvessa

Table legend:
 A = Turns spent in this place as a percentage of turns spent in the entire game.
 B = Non-inter-level travel turns spent in this place as a percentage of non-inter-level travel turns spent in the entire game.
 C = Inter-level travel turns spent in this place as a percentage of turns spent in this place.
 D = Turns resting spent in this place as a percentage of non-inter-level travel turns spent in this place.
 E = Turns spent auto-exploring this place as a percentage of non-inter-level travel turns spent in this place.
 F = Non-inter-level travel turns spent in this place divided by the number of levels of this place that you've seen.
                   A       B       C       D       E      F
               +-------+-------+-------+-------+-------+----------------------
         Total | 100.0 | 100.0 |   1.4 |  10.2 |  11.1 | 216.5
       Dungeon | 100.0 | 100.0 |   1.4 |  10.2 |  11.1 | 216.5
               +-------+-------+-------+-------+-------+----------------------

Table legend:
 A = Kills in this place as a percentage of kills in entire the game.
 B = Kills by you in this place as a percentage of kills by you in the entire game.
 C = Kills by friends in this place as a percentage of kills by friends in the entire game.
 D = Other kills in this place as a percentage of other kills in the entire game.
 E = Experience gained in this place as a percentage of experience gained in the entire game.
 F = Experience gained in this place divided by the number of levels of this place that you have seen.
                   A       B       C       D       E      F
               +-------+-------+-------+-------+-------+----------------------
         Total | 100.0 | 100.0 |  -nan |  -nan | 100.0 | 141.2
       Dungeon | 100.0 | 100.0 |  -nan |  -nan | 100.0 | 141.2
               +-------+-------+-------+-------+-------+----------------------
